 Dungeon Crawl Stone Soup version 0.22-a0-803-gd6d8abeff0 (webtiles) character file.

348572 RKaid the Photosynthesist (level 23, -2/169 HPs)
             Began as a Halfling Arcane Marksman on July 18, 2018.
             Was an Elder of Fedhas.
             Killed from afar by Nikola (15 damage)
             ... with a chain lightning
             ... on level 15 of the Dungeon on July 22, 2018.
             The game lasted 07:44:45 (80803 turns).

RKaid the Photosynthesist (HaAM)                   Turns: 80803, Time: 07:44:46

Health: -2/169     AC: 16    Str: 12    XL:     23   Next: 18%
Magic:  16/36      EV: 33    Int: 19    God:    Fedhas [****..]
Gold:   937        SH: 10    Dex: 20    Spells: 10/39 levels left

rFire    + + .     SeeInvis .   b - +5 hunting sling (venom)
rCold    + . .     Gourm    .   g - +3 buckler {rC+ rF+}
rNeg     . . .     Faith    .   S - +2 steam dragon scales {rSteam}
rPois    .         Spirit   .   F - +2 hat {MR+}
rElec    .         Reflect  .   z - +2 cloak {MR+}
rCorr    .         Harm     .   V - +0 pair of gloves
MR       +++..                  m - +1 pair of boots
Stlth    +++.......             H - amulet of the acrobat
HPRegen  0.38/turn              R - ring of protection from fire {rF+}
MPRegen  0.25/turn              X - ring of Tomorrow {EV+3 Int+4 Stlth+}

@: no status effects
A: small, mutation resistance 1
}: 2/15 runes: decaying, gossamer
a: Fungal Bloom, Evolution, Sunlight, Growth, Reproduction, Renounce Religion


You were on level 15 of the Dungeon.
You worshipped Fedhas.
Fedhas was greatly pleased with you.
You were not hungry.

You visited 9 branches of the dungeon, and saw 40 of its levels.
You also visited: Ossuary, Ice Cave and Wizlab.

You collected 4680 gold pieces.
You spent 3743 gold pieces at shops.

Inventory:

Hand Weapons
 a - a +9 quick blade of freezing
   (You found it in an ice cave)
 b - a +5 hunting sling of venom (weapon)
   (You found it on level 3 of the Elven Halls)
 d - a +2 antimagic rapier
   (You took it off a deep elf annihilator on level 3 of the Elven Halls)
 e - the +6 shillelagh "Devastator" {shatter}
   (You found it on level 12 of the Dungeon)
 r - the +6 hand axe of Shrieking Terror {flame, rElec}
   (You found it on level 14 of the Dungeon)

   It has been specially enchanted to burn those struck by it, causing extra
   injury to most foes and up to half again as much damage against particularly
   susceptible opponents.
   Big, fiery blades are also staple armaments of hydra-hunters.
   It insulates you from electricity.
Missiles
 q - 36 sling bullets (quivered)
 A - a throwing net {=f}
Armour
 g - a +3 buckler of resistance (worn)
   (You took it off a tengu warrior on level 14 of the Dungeon)
 m - a +1 pair of boots (worn)
   (You found it on level 2 of the Dungeon)
 z - a +2 cloak of magic resistance (worn)
   (You found it on level 1 of the Lair of Beasts)
 F - a +2 hat of magic resistance (worn)
   (You bought it in a shop on level 14 of the Dungeon)
 S - +2 steam dragon scales (worn) {rSteam}
   (You took it off a deep elf blademaster on level 3 of the Elven Halls)
 V - a +0 pair of gloves (worn)
   (You found it on level 3 of the Lair of Beasts)
Jewellery
 n - an uncursed amulet of regeneration {+regen}
   (You found it on level 4 of the Dungeon)
 w - an uncursed ring of positive energy {rN+}
   (You took it off a deep elf death mage on level 3 of the Elven Halls)
 x - an uncursed ring of see invisible {sInv}
   (You took it off a yaktaur on level 14 of the Dungeon)
 H - an amulet of the acrobat (around neck)
   (You took it off a deep elf demonologist on level 3 of the Elven Halls)
 M - an uncursed ring of resist corrosion
   (You found it on level 1 of the Dungeon)
 R - a ring of protection from fire (left hand) {rF+}
   (You found it on level 5 of the Lair of Beasts)
 W - an uncursed ring of protection from fire {rF+}
   (You found it on level 3 of the Lair of Beasts)
 X - the ring of Tomorrow (right hand) {EV+3 Int+4 Stlth+}
   (You took it off a deep elf high priest on level 3 of the Elven Halls)

   [ring of evasion]

   It affects your evasion (+3).
   It affects your intelligence (+4).
   It makes you more stealthy.
 Z - the ring "Nialoagiko" {Wiz rC+}
   (You found it on level 1 of the Elven Halls)

   [ring of wizardry]

   It improves your spell success rate.
   It protects you from cold.
Wands
 y - a wand of paralysis (32)
   (You found it on level 5 of the Dungeon)
 D - a wand of digging (24)
   (You took it off an orc priest on level 10 of the Dungeon)
 G - a wand of disintegration (18)
   (You found it on level 2 of the Spider Nest)
 Y - a wand of iceblast (20)
   (You bought it in a shop on level 3 of the Elven Halls)
Scrolls
 i - a scroll of identify
 j - 5 scrolls of immolation {!r}
 k - 8 scrolls of magic mapping {!r}
 l - a scroll of blinking {!r}
 o - 13 scrolls of remove curse
 t - 17 scrolls of teleportation
 v - 3 scrolls of fog
 C - 9 scrolls of fear
 I - a scroll of summoning
 T - a scroll of silence
Potions
 c - 9 potions of curing
 h - 4 potions of heal wounds
 p - 6 potions of berserk rage {!q}
 s - a potion of resistance
 u - 3 potions of cancellation
 B - a potion of agility
 E - 3 potions of might
 J - 3 potions of invisibility
 K - 3 potions of magic
 L - 3 potions of ambrosia
 N - 5 potions of haste
 O - 3 potions of brilliance
Miscellaneous
 P - a box of beasts
 Q - a lamp of fire
   (You found it on level 3 of the Swamp)
Comestibles
 f - 15 rations


   Skills:
 + Level 17.2 Fighting
 - Level 14.0 Short Blades
 - Level 12.2 Slings
 - Level 5.0 Armour
 - Level 16.0 Dodging
 - Level 5.6 Shields
 * Level 8.8 Spellcasting
 - Level 6.0 Hexes
 - Level 4.0 Charms
 - Level 8.0 Necromancy
 - Level 8.0 Translocations
 - Level 8.0 Earth Magic
 + Level 18.8 Invocations
 - Level 6.0 Evocations


You had 10 spell levels left.
You knew the following spells:

 Your Spells              Type           Power        Failure   Level  Hunger
a - Portal Projectile     Hex/Tloc       #####.       1%          3    None
b - Tukima's Dance        Hex            ####....     2%          3    None
c - Confuse               Hex            ####....     2%          3    None
d - Song of Slaying       Chrm           ###.....     2%          2    None
e - Passwall              Tmut/Erth      ###.....     2%          2    None
f - Borgnjor's Vile Clut  Necr/Erth      #####.....   9%          5    #####..
A - Shroud of Golubria    Chrm/Tloc      ####......   1%          2    None
B - Blink                 Tloc           N/A          1%          2    None
C - Regeneration          Chrm/Necr      ####......   1%          3    None
D - Passage of Golubria   Tloc           N/A          3%          4    ###....

Your spell library contained the following spells:

 Spells                   Type           Power        Failure   Level  Hunger
 Cause Fear               Hex            ####......   7%          4    ###....
 Magic Dart               Conj           #...         9%          1    None
 Fireball                 Conj/Fire      #.........   93%         5    #####..
 Conjure Flame            Conj/Fire      #.......     26%         3    None
 Bolt of Fire             Conj/Fire      #.........   100%        6    ######.
 Slow                     Hex            ####....     1%          2    None
 Freezing Cloud           Conj/Ice/Air   #.........   100%        6    ######.
 Mephitic Cloud           Conj/Pois/Air  #.......     26%         3    None
 Ring of Flames           Chrm/Fire      ###.......   100%        7    #######
 Teleport Other           Tloc           #####...     1%          3    None
 Summon Small Mammal      Summ           #...         9%          1    None
 Lehudib's Crystal Spear  Conj/Erth      ###.......   100%        8    #######
 Fire Storm               Conj/Fire      #.........   100%        9    #######
 Summon Ice Beast         Ice/Summ       #.......     63%         4    ###....
 Call Imp                 Summ           #.......     13%         2    None
 Poison Arrow             Conj/Pois      #.........   100%        6    ######.
 Sublimation of Blood     Necr           #####.....   1%          2    None
 Summon Demon             Summ           #.........   93%         5    #####..
 Stone Arrow              Conj/Erth      ###...       4%          3    None
 Recall                   Summ/Tloc      N/A          4%          3    None
 Spider Form              Tmut/Pois      #.........   26%         3    None
 Blade Hands              Tmut           #.........   93%         5    #####..
 Statue Form              Tmut/Erth      ###......    94%         6    ######.
 Ice Form                 Ice/Tmut       #.......     63%         4    ###....
 Dragon Form              Tmut           #.........   100%        7    #######
 Deflect Missiles         Chrm/Air       ###.......   99%         6    ######.
 Glaciate                 Conj/Ice       #.........   100%        9    #######
 Shadow Creatures         Summ           N/A          100%        6    ######.
 Confusing Touch          Hex            ####..       1%          1    None
 Ignite Poison            Fire/Tmut/Pois #.......     26%         3    None
 Sticks to Snakes         Tmut           #.......     13%         2    None
 Call Canine Familiar     Summ           #.......     26%         3    None
 Ensorcelled Hibernation  Hex/Ice        ###...       3%          2    None
 Metabolic Englaciation   Hex/Ice        ###.......   56%         5    #####..
 Silence                  Hex/Air        ###.......   56%         5    #####..
 Corona                   Hex            ####...      1%          1    None
 Alistair's Intoxication  Tmut/Pois      #.......     93%         5    #####..
 Lee's Rapid Deconstruct  Erth           #####.....   9%          5    #####..
 Sandblast                Erth           #####.       1%          1    None
 Chain Lightning          Conj/Air       #.........   100%        8    #######
 Petrify                  Tmut/Erth      ###.....     16%         4    ###....
 Leda's Liquefaction      Hex/Erth       #####.....   4%          4    ###....
 Darkness                 Hex            ####......   73%         6    ######.
 Inner Flame              Hex/Fire       ###.....     8%          3    None
 Aura of Abjuration       Summ           #.........   93%         5    #####..
 Beastly Appendage        Tmut           #.....       9%          1    None
 Dazzling Spray           Conj/Hex       ###...       8%          3    None
 Infusion                 Chrm           ###.         1%          1    None
 Spectral Weapon          Hex/Chrm       ####....     3%          3    None
 Discord                  Hex            ####......   100%        8    #######
 Summon Forest            Summ/Tloc      ###.......   41%         5    #####..
 Summon Lightning Spire   Summ/Air       #.......     63%         4    ###....
 Summon Guardian Golem    Hex/Summ       ###.....     8%          3    None
 Summon Mana Viper        Hex/Summ       ###.....     56%         5    #####..
 Hydra Form               Tmut           #.........   100%        6    ######.
 Irradiate                Conj/Tmut      #.........   93%         5    #####..
 Gell's Gravitas          Tloc           #####.....   1%          3    None
 Yara's Violent Unravell  Hex/Tmut       ###.......   56%         5    #####..
 Lesser Beckoning         Tloc           #####.....   1%          3    None
 Poisonous Vapours        Pois/Air       #.....       13%         2    None
 Ignition                 Fire           #.........   100%        8    #######


Dungeon Overview and Level Annotations

Branches:
Dungeon (15/15)            Temple (1/1) D:6            Lair (6/6) D:10
  Swamp (4/4) Lair:4       Spider (4/4) Lair:4        Slime (0/5) Lair:5
    Orc (2/2) D:9             Elf (3/3) Orc:2        Vaults (4/5) D:13
  Crypt (0/3) Vaults:3     Depths (1/5) D:15

Altars:
Ashenzari
Cheibriados
Dithmenos
Elyvilon
Fedhas
Gozag
Hepliaklqana
Kikubaaqudgha
Makhleb
Nemelex Xobeh
Okawaru
Qazlal
Ru
Sif Muna
Trog
Uskayaw
Vehumet
Wu Jian
Xom
Yredelemnul
Zin
The Shining One
Beogh

Shops:
D:10 !   D:14 [   D:15 *   Orc:1 *   Orc:2 ?([:   Elf:2 *   Elf:3 *}}}=[
Vaults:1 =   Vaults:2 ((:?(   Vaults:3 *

Annotations:
D:9 exclusion: ice statue
D:14 exclusion: Roxanne, Roxanne
D:15 Nikola
Lair:5 Gyogu's ghost, journeyman BaFi; marsu's ghost, journeyman OgBe
Lair:6 1 runed door, Banto's ghost, journeyman OpEE
Swamp:4 Lernaean hydra
Spider:2 7 exclusions
Elf:2 3 runed doors


Innate Abilities, Weirdness & Mutations

You are small and have problems with some larger weapons.
You are somewhat resistant to further mutation.


Message History

Casting: Borgnjor's Vile Clutch (slightly dangerous; 9% risk of failure)
Confirm with . or Enter, or press ? or * to list all spells.
Aiming: Borgnjor's Vile Clutch (slightly dangerous; 9% risk of failure)
Press: ? - help, Dir - move target cursor, f/p - Nikola
Aim: Nikola, wielding a rapier of electrocution, wearing a runed cloak and wearing a pair of gloves (moderately wounded, poisoned, bound soul) Decaying hands burst forth from the earth!
Zombie hands grab Nikola.
The zombie hands constrict Nikola.
The fire giant skeleton completely misses you.
Nikola struggles to escape constriction.
Firing (i - inventory)
q - 44 sling bullets (quivered)
Press: ? - help, Shift-Dir - straight line, f/p - Nikola
Aim: Nikola, wielding a rapier of electrocution, wearing a runed cloak and wearing a pair of gloves (moderately wounded, poisoned, bound soul, constricted by zombie hands)
You magically shoot a sling bullet.
The sling bullet hits Nikola but does no damage.
Nikola looks as sick as possible!
The zombie hands constrict Nikola.
Firing (i - inventory)
q - 43 sling bullets (quivered)
Press: ? - help, Shift-Dir - straight line, f/p - Nikola
Aim: Nikola, wielding a rapier of electrocution, wearing a runed cloak and wearing a pair of gloves (moderately wounded, poisoned, bound soul, constricted by zombie hands)
You magically shoot a sling bullet.
The sling bullet hits Nikola but does no damage.
Nikola looks as sick as possible!
The zombie hands constrict Nikola.
Nikola escapes!
The fire giant skeleton completely misses you.
Firing (i - inventory)
q - 42 sling bullets (quivered)
Press: ? - help, Shift-Dir - straight line, f/p - Nikola
Aim: Nikola, wielding a rapier of electrocution, wearing a runed cloak and wearing a pair of gloves (moderately wounded, poisoned, bound soul)
You magically shoot a sling bullet.
The sling bullet barely misses Nikola.
Firing (i - inventory)
q - 41 sling bullets (quivered)
Press: ? - help, Shift-Dir - straight line, f/p - Nikola
Aim: Nikola, wielding a rapier of electrocution, wearing a runed cloak and wearing a pair of gloves (moderately wounded, poisoned, bound soul)
You magically shoot a sling bullet.
The sling bullet hits Nikola.
Nikola looks as sick as possible!
The fire giant skeleton completely misses you.
Firing (i - inventory)
q - 40 sling bullets (quivered)
Press: ? - help, Shift-Dir - straight line, f/p - Nikola
Aim: Nikola, wielding a rapier of electrocution, wearing a runed cloak and wearing a pair of gloves (moderately wounded, poisoned, bound soul)
You magically shoot a sling bullet.
The sling bullet hits Nikola.
Nikola looks as sick as possible!
Press: ? - help, v - describe, . - travel, g - get item
Here: Nikola, wielding a rapier of electrocution, wearing a runed cloak and wearing a pair of gloves (moderately wounded, poisoned, bound soul)
A battleaxe of freezing.
The floor, spattered with blood.
Unknown command.
Wear which item? (? for menu, Esc to quit)
Okay, then.
Your +5 hunting sling of venom stops dripping with poison.
Your +9 quick blade of freezing glows with a cold blue light!
a - a +9 quick blade of freezing (weapon)
You block the fire giant skeleton's attack.
You hit Nikola but do no damage. You block Nikola's attack.
You hit Nikola but do no damage. You hit Nikola. You freeze Nikola.
You are no longer teleporting projectiles to their destination.
You puncture Nikola! You freeze Nikola!
You block the fire giant skeleton's attack.
Nikola casts a spell.
You hear a mighty clap of thunder!
The lightning arc hits you!
The lightning arc hits the fire giant skeleton.
The lightning arc hits you!
The lightning arc hits Nikola.
The lightning arc hits you!
The lightning arc hits Nikola.
You hear a shout!
You hear a deafening roar!
Nikola hits you with a rapier of electrocution.
You climb upwards.
Welcome back to the Dungeon!
Fedhas's fungi set to work.
Fedhas appreciates ongoing decay.
There is a staircase to the Depths here.
Casting: Borgnjor's Vile Clutch (slightly dangerous; 9% risk of failure)
Confirm with . or Enter, or press ? or * to list all spells.
You blink.
Your +9 quick blade of freezing stops glowing.
Your +5 hunting sling of venom begins to drip with poison!
b - a +5 hunting sling of venom (weapon)
Firing (i - inventory)
q - 39 sling bullets (quivered)
Press: ? - help, Shift-Dir - straight line, f - Nikola
Aim: Nikola, wielding a rapier of electrocution, wearing a runed cloak and wearing a pair of gloves (severely wounded, poisoned, bound soul)
You shoot a sling bullet. The sling bullet barely misses Nikola.
Nikola's soul is no longer bound.
Firing (i - inventory)
q - 38 sling bullets (quivered)
Press: ? - help, Shift-Dir - straight line, f/p - Nikola
Aim: Nikola, wielding a rapier of electrocution, wearing a runed cloak and wearing a pair of gloves (severely wounded, poisoned)
You shoot a sling bullet. The sling bullet closely misses Nikola.
Nikola casts a spell at you. The zap misses you.
Firing (i - inventory)
q - 37 sling bullets (quivered)
Press: ? - help, Shift-Dir - straight line, f/p - Nikola
Aim: Nikola, wielding a rapier of electrocution, wearing a runed cloak and wearing a pair of gloves (severely wounded, poisoned)
You shoot a sling bullet.
The sling bullet hits Nikola but does no damage.
Nikola looks as sick as possible!
Nikola mumbles some strange words.
You hear a mighty clap of thunder!
The lightning arc hits you!
The lightning arc hits Nikola.
The lightning arc hits you!
* * * LOW HITPOINT WARNING * * *
The lightning arc hits Nikola.
The lightning arc hits you!
* * * LOW HITPOINT WARNING * * *
The lightning arc hits Nikola.
The lightning arc hits you!
You die...
Fedhas appreciates your contribution to the ecosystem.

#.#..#.#.......#...#########....
#.#..#.#...###)....#............
#.#....(.....))#.....########...
#.#........####.###.............
#.#..(<....#>.)#.....####.##....
#.#..#####.#.....#...####.##....
#.#..#.....#@..#.#........##....
#.#..#..#.#.#.#..#.#.#######.#'#
#.#.(#.#...#...@.#...#.....#.#.#
#.#..#.....#.#####.###.....#.#.#
##.#....#..⌠#)..............#.#.#
#....###.####.)#)######...###'#.#
#[(#....#......#.# #.........#
#.(#...........#.# #.........#
#..#....#..#####.## #.........#
#..#.......# #...# #...###.#.#
#..######### #...# #...# #.#.#


You could see Nikola.

Vanquished Creatures
  Mara (Spider:4)
  Arachne (Spider:2)
  A tentacled monstrosity (Vaults:4)
  Asterion (Vaults:1)
  Rupert (Lair:4)
  A lich (Vaults:3)
  4 deep elf blademasters (Elf:3)
  2 deep elf master archers (Elf:3)
  Frances (D:14)
  A sphinx (Vaults:3)
  A frost giant (Depths:1)
  2 tengu reavers (Vaults:4)
  2 deep elf sorcerers (Elf:3)
  5 ghost moths
  9 emperor scorpions
  A ghoul (Vaults:4)
  11 vault wardens
  A deep elf elementalist (Elf:3)
  10 ironheart preservers
  A reaper (IceCv)
  A very ugly thing (Swamp:4)
  6 entropy weavers
  5 stone giants
  The ghost of Askman the Bludgeoner, a journeyman GrFi of Ashenzari (Lair:5)
  7 deep elf demonologists
  6 deep elf annihilators
  Nessos (Orc:2)
  4 spark wasps
  The ghost of mrsnowman the Blocker, a journeyman GrFi of Makhleb (Orc:2)
  7 deep elf death magi (Elf:3)
  Josephine (D:13)
  A crystal guardian (Vaults:1)
  4 ettins
  5 fire dragons
  4 deep elf high priests (Elf:3)
  9 yaktaur captains
  3 great orbs of eyes
  2 rakshasas
  An ice dragon (Vaults:2)
  18 hydras
  5 vault guards
  5 death knights
  4 ghost crabs
  12 alligators
  12 dancing weapons
  14 centaur warriors
  8 ogre magi
  2 tengu warriors (D:14)
  3 deep troll shamans
  Urug (D:14)
  2 orc high priests
  34 two-headed ogres
  14 deep elf knights
  9 skeletal warriors
  2 spriggan druids
  3 unseen horrors
  2 shadow wraiths (Vaults:2)
  An unseen horror (shapeshifter) (Vaults:2)
  3 wizards
  A storm dragon skeleton (Vaults:3)
  3 deep trolls
  9 ironbrand convokers
  2 glowing orange brains
  6 swamp dragons
  11 deep elf archers
  2 phantasmal warriors
  2 necromancers
  11 orc knights
  A lindwurm (Swamp:3)
  15 orb spiders
  36 deep elf magi
  30 ugly things
  11 cyclopes
  A frost giant skeleton (Vaults:4)
  29 wolf spiders
  3 manticores
  2 moths of wrath
  Maurice (Orc:1)
  An orc sorcerer (Vaults:2)
  A fire giant skeleton (Vaults:3)
  8 elephants (Lair:6)
  4 black mambas
  Joseph (D:7)
  12 vault sentinels
  2 gargoyles
  A black mamba (shapeshifter) (Vaults:3)
  A guardian serpent (shapeshifter) (Vaults:1)
  A centaur skeleton (D:14)
  3 ice statues
  12 spiny frogs
  5 rime drakes
  A komodo dragon (shapeshifter) (D:14)
  23 yaktaurs
  6 komodo dragons
  2 tengu conjurers (D:15)
  8 demonic crawlers
  10 freezing wraiths
  A yaktaur skeleton (Depths:1)
  4 ice devils (IceCv)
  13 trolls
  A polar bear (shapeshifter) (Vaults:3)
  22 hornets
  29 jumping spiders
  5 polar bears
  5 tyrant leeches
  40 slime creatures
  5 dream sheep (Lair:6)
  17 blink frogs
  A hippogriff (shapeshifter) (Vaults:2)
  4 bog bodies
  Sigmund (D:5)
  3 hippogriffs
  2 human simulacra
  An air elemental (Elf:2)
  48 redbacks
  A redback (shapeshifter) (Vaults:2)
  11 spriggans
  A meliai zombie (D:14)
  A spriggan (shapeshifter) (Vaults:3)
  2 shadows
  2 yaks (shapeshifter) (Vaults:3)
  2 ettin skeletons (Vaults:3)
  56 yaks
  9 wraiths
  21 tarantellas
  3 wyverns
  8 water elementals
  8 basilisks
  6 fire elementals
  A steam dragon (Lair:6)
  4 wandering mushrooms
  A hungry ghost (D:9)
  Edmund (D:5)
  15 vampire mosquitoes
  A yaktaur simulacrum (Vaults:2)
  A warg (shapeshifter) (Vaults:3)
  5 wargs
  8 insubstantial wisps (Swamp:1)
  17 swamp worms
  11 water moccasins
  3 acid dragons
  5 soldier ants
  Duvessa (D:7)
  5 porcupines
  16 swamp drakes
  A sky beast (D:5)
  A necrophage (D:10)
  33 orc warriors
  11 ice beasts
  2 black bears
  An eye of draining (D:15)
  22 ogres
  An elf simulacrum (Depths:1)
  A phantom (D:6)
  13 wolves
  5 boggarts (Depths:1)
  17 centaurs
  16 crocodiles
  Blork the orc (D:5)
  4 big kobolds
  An elf zombie (Ossuary)
  3 gnoll sergeants
  19 bullfrogs
  2 earth elementals
  Dowan (D:7)
  5 human skeletons (Vaults:3)
  A wyvern skeleton (D:7)
  A glowing shapeshifter simulacrum (Vaults:1)
  7 scorpions
  3 howler monkeys (D:10)
  3 wights (D:12)
  4 electric eels
  8 crimson imps
  5 centaur zombies
  A bullfrog zombie (D:12)
  16 orc priests
  5 hounds
  Crazy Yiuf (D:7)
  2 bullfrog skeletons
  4 jellies
  9 orc wizards
  A gnoll shaman (D:8)
  3 hell rats
  10 iguanas
  20 worker ants
  A hound zombie (D:9)
  A hound skeleton (D:4)
  4 mummies
  9 adders
  26 gnolls
  2 shadow imps
  8 white imps
  8 ufetubi (IceCv)
  2 oozes (D:3)
  An adder skeleton (D:7)
  3 worms
  5 dart slugs
  7 leopard geckos
  86 orcs
  2 ball pythons
  5 bats
  8 giant cockroaches
  8 goblins
  9 hobgoblins
  7 jackals
  9 kobolds
  6 quokkas
  5 frilled lizards
  3 goblin zombies (Ossuary)
  4 hobgoblin zombies (Ossuary)
  A jackal zombie (D:6)
  5 kobold zombies (Ossuary)
  2 orc zombies (Ossuary)
  A quokka skeleton (D:4)
  A quokka zombie (D:9)
  8 rats
  2 crawling corpses (Elf:3)
  A fungus (Lair:6)
  3 toadstools
1503 creatures vanquished.

Vanquished Creatures (collateral kills)
  An orc warlord (D:9)
  A spark wasp (Spider:4)
  Snorg (D:13)
  The ghost of hell0 the Thaumaturge, a journeyman DEIE of Vehumet (Lair:5)
  A deep elf high priest (Elf:3)
  A vault guard (Vaults:4)
  6 hydras
  An ice dragon (Vaults:1)
  3 dancing weapons
  An alligator (Swamp:2)
  A queen ant (Lair:5)
  An ogre mage (Vaults:4)
  A deep elf knight (Elf:1)
  An ironbrand convoker (Vaults:1)
  An orc knight (Orc:1)
  A sphinx zombie (Vaults:4)
  A wolf spider (Spider:3)
  A slime creature (D:13)
  2 elephants (Lair:6)
  3 black mambas
  A vault sentinel (Vaults:1)
  A black mamba (shapeshifter) (D:14)
  2 spiny frogs
  A centaur skeleton (D:15)
  2 demonic crawlers
  A komodo dragon (Lair:6)
  2 yaktaurs (Vaults:1)
  A rime drake (Lair:4)
  A tengu conjurer (D:14)
  A jumping spider (shapeshifter) (Elf:1)
  3 hornets
  2 trolls
  2 jumping spiders
  A tyrant leech (Swamp:3)
  2 blink frogs (Lair:5)
  A hippogriff (Lair:5)
  2 dream sheep (Lair:6)
  8 redbacks
  A water elemental (Elf:2)
  6 tarantellas
  2 wraiths (D:13)
  3 vampire mosquitoes
  A fire elemental (Elf:1)
  7 yaks
  A basilisk (D:14)
  3 soldier ants (Lair:5)
  4 wargs
  A human simulacrum (Vaults:4)
  An insubstantial wisp (Swamp:1)
  2 water moccasins
  An acid dragon (Lair:6)
  2 porcupines
  9 orc warriors
  An ice beast (D:10)
  A black bear (Lair:3)
  3 wolves (Lair:3)
  3 ogres
  A centaur (D:14)
  A crocodile (Lair:6)
  A bullfrog (Lair:3)
  A crimson imp (D:14)
  An orc priest (D:10)
  2 orc wizards
  A hell rat (Lair:6)
  4 worker ants
  An adder (D:5)
  A shadow imp (D:15)
  12 orcs
142 creatures vanquished.

Vanquished Creatures (others)
  A tentacled monstrosity (Swamp:4)
  A thorn hunter (Swamp:4)
  An oklob plant (Lair:5)
  2 hydras (Swamp:4)
  A ghost crab (Swamp:3)
  2 alligators (Swamp:4)
  3 swamp dragons
  2 lindwurms (Swamp:4)
  A spiny frog (Swamp:2)
  A bog body (Lair:4)
  A shadow (Swamp:2)
  A dancing weapon (Vaults:4)
  A spriggan (Swamp:2)
  A water elemental (Elf:1)
  An ice dragon skeleton (Depths:1)
  2 swamp worms
  A swamp drake (Swamp:4)
  4 white imps (IceCv)
  3 ufetubi (IceCv)
  91 wandering mushrooms
  22 fungi
  15 plants
  982 toadstools
  4 withered plants (Lair:5)
1144 creatures vanquished.

Grand Total: 2789 creatures vanquished

Notes
Turn   | Place    | Note
-------+----------+-------------------------------------------
     0 | D:1      | RKaid the Halfling Arcane Marksman began the quest for the Orb.
     0 | D:1      | Reached XP level 1. HP: 12/12 MP: 2/2
     6 | D:1      | Noticed a black mamba
     7 | D:1      | Noticed a black bear
     7 | D:1      | Noticed a rime drake
    34 | D:1      | Reached skill level 1 in Fighting
   131 | D:1      | Reached XP level 2. HP: 18/18 MP: 3/3
   377 | D:1      | Reached XP level 3. HP: 23/23 MP: 4/4
   629 | D:1      | Reached skill level 4 in Slings
  1084 | D:2      | Reached XP level 4. HP: 21/28 MP: 5/5
  1089 | D:2      | Learned a level 3 spell: Portal Projectile
  1481 | D:2      | Reached skill level 3 in Dodging
  1861 | D:2      | Reached skill level 2 in Fighting
  1861 | D:2      | Reached skill level 5 in Slings
  2017 | D:2      | Found a burning altar of Makhleb.
  2118 | D:2      | Reached XP level 5. HP: 34/34 MP: 6/6
  2777 | D:3      | Found an iron altar of Okawaru.
  3144 | D:3      | Reached skill level 6 in Slings
  3276 | D:3      | Reached XP level 6. HP: 41/41 MP: 7/7
  4235 | D:4      | Reached skill level 4 in Dodging
  4271 | D:4      | Reached skill level 7 in Slings
  4504 | D:4      | Noticed an ogre
  4527 | D:4      | Killed an ogre
  4527 | D:4      | Reached skill level 3 in Fighting
  4527 | D:4      | Reached XP level 7. HP: 46/46 MP: 8/8
  4688 | D:4      | Reached skill level 8 in Slings
  4699 | D:4      | Got a bloodstained hand axe {flame}
  4700 | D:4      | Identified the cursed +2 hand axe of Feschuadi {flame, Fragile rPois Str+4} (You took it off an orc wizard on level 4 of the Dungeon)
  4952 | D:5      | Entered Level 5 of the Dungeon
  5191 | D:5      | Noticed Sigmund
  5238 | D:5      | Found a sand-covered staircase.
  5243 | Ossuary  | Entered an ossuary
  5243 | Ossuary  | Noticed a wraith
  5243 | Ossuary  | Noticed a wraith
  5243 | Ossuary  | Noticed a wraith
  5292 | Ossuary  | Reached skill level 9 in Slings
  5471 | Ossuary  | Noticed a wraith
  5514 | Ossuary  | Killed a wraith
  5514 | Ossuary  | Reached skill level 4 in Fighting
  5514 | Ossuary  | Reached XP level 8. HP: 22/54 MP: 9/9
  6033 | D:5      | Killed Sigmund
  6033 | D:5      | Reached skill level 10 in Slings
  6274 | D:5      | Found a snail-covered altar of Cheibriados.
  6366 | D:5      | Noticed Blork the orc
  6380 | D:5      | Killed Blork the orc
  6380 | D:5      | Reached skill level 11 in Slings
  6530 | D:5      | Reached skill level 5 in Fighting
  6592 | D:6      | Found a staircase to the Ecumenical Temple.
  6766 | D:5      | Reached XP level 9. HP: 61/61 MP: 10/10
  6901 | D:6      | Found a shadowy altar of Dithmenos.
  6913 | D:6      | Noticed Edmund
  6948 | D:5      | Killed Edmund
  6948 | D:5      | Reached skill level 12 in Slings
  7041 | D:6      | HP: 13/61 [something (8)]
  7186 | Temple   | Entered the Ecumenical Temple
  7189 | Temple   | Became a worshipper of Fedhas Madash
  7476 | D:6      | Reached skill level 1 in Short Blades
  7527 | D:6      | Found a radiant altar of Vehumet.
  7531 | D:6      | Found a sacrificial altar of Ru.
  7531 | D:6      | Found a shimmering altar of Xom.
  7730 | D:6      | Noticed an unseen horror
  7737 | D:6      | Killed an unseen horror
  7737 | D:6      | Reached skill level 6 in Fighting
  7737 | D:6      | Reached skill level 3 in Short Blades
  7737 | D:6      | Reached skill level 5 in Dodging
  7737 | D:6      | Reached skill level 3 in Hexes
  8106 | D:7      | Reached XP level 10. HP: 41/69 MP: 11/11
  8290 | D:6      | Reached skill level 4 in Short Blades
  8338 | D:7      | Noticed Joseph
  8358 | D:7      | Killed Joseph
  8358 | D:7      | Reached skill level 4 in Hexes
  8425 | D:7      | Reached skill level 6 in Dodging
  8436 | D:7      | Noticed Dowan
  8436 | D:7      | Noticed Duvessa
  8470 | D:7      | Killed Duvessa
  8470 | D:7      | Killed Dowan
  8470 | D:7      | Reached skill level 7 in Fighting
  8511 | D:7      | Found a white marble altar of Elyvilon.
  8683 | D:7      | Found a runed door.
  8687 | D:7      | Noticed Crazy Yiuf
  8702 | D:7      | Killed Crazy Yiuf
  8839 | D:7      | Reached skill level 5 in Short Blades
  9627 | D:8      | Noticed a two-headed ogre
  9708 | D:8      | Killed a two-headed ogre
  9708 | D:8      | Reached skill level 6 in Short Blades
  9708 | D:8      | Reached skill level 7 in Dodging
  9708 | D:8      | Reached skill level 5 in Hexes
  9752 | D:8      | Noticed a two-headed ogre
  9795 | D:8      | Killed a two-headed ogre
  9795 | D:8      | Reached XP level 11. HP: 69/77 MP: 12/12
  9942 | D:8      | Found a shadowy altar of Dithmenos.
  9945 | D:8      | Found an ornate altar of the Wu Jian Council.
  9947 | D:8      | Found a stormy altar of Qazlal.
 10313 | D:8      | Reached skill level 8 in Fighting
 10362 | D:9      | Reached skill level 7 in Short Blades
 10376 | D:9      | Reached * piety under Fedhas
 11124 | D:9      | Found a staircase to the Orcish Mines.
 11134 | D:9      | Reached skill level 8 in Dodging
 11492 | D:10     | Entered Level 10 of the Dungeon
 11521 | D:9      | Reached skill level 6 in Hexes
 11610 | D:9      | Reached skill level 8 in Short Blades
 11705 | D:10     | Noticed a cyclops
 11723 | D:10     | Killed a cyclops
 11727 | D:10     | Reached skill level 1 in Invocations
 12003 | D:10     | Found Siulev's Distillery.
 12181 | D:10     | Found a staircase to the Lair.
 12351 | D:11     | Reached skill level 2 in Invocations
 12474 | D:11     | Noticed a seven-headed hydra
 12501 | D:10     | Learned a level 3 spell: Confuse
 12502 | Lair:1   | Entered Level 1 of the Lair of Beasts
 12556 | Lair:1   | Reached skill level 9 in Dodging
 12597 | Lair:1   | Reached XP level 12. HP: 65/84 MP: 13/13
 12609 | Lair:1   | Reached skill level 9 in Fighting
 12617 | Lair:1   | Reached skill level 3 in Invocations
 12631 | Lair:1   | Found a frozen archway.
 12651 | Lair:1   | Reached ** piety under Fedhas
 12699 | IceCv    | Entered an ice cave
 12743 | IceCv    | Reached skill level 9 in Short Blades
 13310 | IceCv    | HP: 18/85 [ice devil (10)]
 13315 | IceCv    | HP: 17/85 [ice devil (5)]
 13580 | IceCv    | Reached skill level 4 in Invocations
 13672 | IceCv    | Noticed a reaper
 13716 | IceCv    | Killed a reaper
 14019 | Lair:1   | Found a transporter.
 14022 | Lair:1   | Noticed Gyogu's ghost (journeyman BaFi)
 14025 | Lair:1   | Noticed a four-headed hydra
 14028 | Lair:1   | Found a transporter.
 14387 | Lair:1   | Reached skill level 5 in Invocations
 14451 | Lair:1   | Reached skill level 10 in Dodging
 14498 | Lair:1   | Reached skill level 10 in Short Blades
 15145 | Lair:2   | Noticed a seven-headed hydra
 15156 | Lair:2   | Killed a seven-headed hydra
 15317 | Lair:2   | Reached skill level 6 in Invocations
 15317 | Lair:2   | Reached XP level 13. HP: 90/92 MP: 17/17
 15374 | Lair:2   | Reached skill level 10 in Fighting
 15434 | Lair:2   | Noticed a four-headed hydra
 15444 | Lair:2   | Killed a four-headed hydra
 16179 | Lair:3   | Reached skill level 11 in Short Blades
 16201 | Lair:3   | Reached skill level 7 in Invocations
 16418 | Lair:3   | Reached skill level 11 in Dodging
 16508 | Lair:3   | Noticed a seven-headed hydra
 16522 | Lair:3   | Killed a seven-headed hydra
 17107 | Lair:4   | Found a staircase to the Swamp.
 17116 | Lair:4   | HP: 22/93 [swamp worm/harpoon shot (12)]
 17328 | Lair:4   | Noticed a four-headed hydra
 17340 | Lair:4   | Killed a four-headed hydra
 17519 | Lair:4   | Found a hole to the Spider Nest.
 17682 | Lair:4   | Reached skill level 8 in Invocations
 18143 | Lair:5   | Noticed a four-headed hydra
 18168 | Lair:5   | Killed a four-headed hydra
 18237 | Lair:5   | Reached XP level 14. HP: 61/99 MP: 20/20
 18360 | Lair:5   | Reached skill level 11 in Fighting
 18366 | Lair:5   | Found a staircase to the Slime Pits.
 18395 | Lair:5   | Reached skill level 12 in Short Blades
 18597 | Lair:5   | Found a runed gate.
 18598 | Lair:5   | Found a runed gate.
 18599 | Lair:5   | Found a runed gate.
 18600 | Lair:5   | Noticed marsu's ghost (journeyman OgBe)
 18601 | Lair:5   | Noticed Askman's ghost (journeyman GrFi)
 18601 | Lair:5   | Noticed hell0's ghost (journeyman DEIE)
 18644 | Lair:5   | Reached *** piety under Fedhas
 18680 | Lair:5   | Noticed an entropy weaver
 18680 | Lair:5   | Noticed an entropy weaver
 18768 | Lair:4   | Identified a scroll of acquirement
 19594 | Lair:6   | Entered Level 6 of the Lair of Beasts
 19608 | Lair:5   | Killed an entropy weaver
 19608 | Lair:5   | Reached skill level 12 in Dodging
 19836 | Lair:5   | Reached skill level 9 in Invocations
 19938 | Lair:6   | Reached skill level 1 in Shields
 20039 | Lair:6   | Reached skill level 2 in Shields
 20238 | Lair:6   | Found a runed door.
 20279 | Lair:6   | Reached skill level 3 in Shields
 20289 | Lair:6   | Noticed Banto's ghost (journeyman OpEE)
 20714 | Lair:6   | Learned a level 2 spell: Blink
 21387 | Lair:6   | Reached skill level 13 in Short Blades
 21467 | Lair:6   | Reached skill level 4 in Shields
 21601 | Lair:6   | HP: 20/102 [swamp dragon/blast of poison (10)]
 21606 | Lair:6   | HP: 22/102 [swamp dragon/blast of poison (5)]
 21611 | Lair:6   | HP: 21/153 [poisoned by a swamp dragon (blast of poison)]
 21616 | Lair:6   | HP: 16/153 [fire dragon/blast of flame (4)]
 21624 | Lair:6   | HP: 9/153 [poisoned by a swamp dragon (blast of poison)]
 21629 | Lair:6   | HP: 10/153 [poisoned by a swamp dragon (blast of poison)]
 21636 | Lair:6   | HP: 14/153 [poisoned by a swamp dragon (blast of poison)]
 21644 | Lair:6   | HP: 18/153 [poisoned by a swamp dragon (blast of poison)]
 21683 | Lair:6   | Reached skill level 10 in Invocations
 22665 | Lair:5   | HP: 19/102 [entropy weaver (11)]
 22665 | Lair:5   | HP: 9/102 [entropy weaver (10)]
 22667 | Lair:5   | Killed an entropy weaver
 22886 | D:10     | Upgraded the game from 0.22-a0-775-ga7d80019b5 to 0.22-a0-779-g6f83d72c62
 23242 | D:11     | Found a shadowy altar of Dithmenos.
 23963 | D:11     | Reached XP level 15. HP: 108/108 MP: 22/22
 24305 | D:12     | Reached skill level 5 in Shields
 24327 | D:12     | Noticed a stone giant
 24328 | D:12     | Found the +6 shillelagh "Devastator" {shatter}
 24752 | D:12     | RKaid: @??stone giant
 24752 | D:12     | beem: stone giant (C)
                  | Spd:
    10 | HD: 16   | HP: 73-102
                  | AC/EV: 12/2
                  | Dam: 45
                  | items, doors
                  | Res: magic(80), drown
                  | XP:
  1422 | Sz: Giant | Int: human.
 24787 | D:11     | Killed a stone giant
 24787 | D:11     | Reached skill level 12 in Fighting
 26240 | D:13     | Found a gate to the Vaults.
 26461 | D:13     | Noticed Josephine
 26473 | D:13     | Killed Josephine
 26621 | D:13     | Noticed Snorg
 26637 | D:13     | Killed Snorg
 26637 | D:13     | Reached skill level 11 in Invocations
 26944 | D:13     | Reached skill level 14 in Short Blades
 27333 | D:13     | Reached skill level 1 in Translocations
 27456 | D:14     | Reached skill level 2 in Translocations
 27547 | D:14     | Noticed Frances
 27698 | Orc:1    | Entered Level 1 of the Orcish Mines
 27698 | Orc:1    | Noticed an orc warlord
 27729 | D:9      | Killed an orc warlord
 28036 | Orc:1    | Found Eskudaabi's General Store.
 28069 | Orc:1    | Reached skill level 3 in Translocations
 28772 | Orc:2    | Entered Level 2 of the Orcish Mines
 28962 | Orc:2    | Noticed mrsnowman's ghost (journeyman GrFi)
 28965 | Orc:2    | Found a runed gate.
 28965 | Orc:2    | Found a runed gate.
 28965 | Orc:2    | Found a runed gate.
 29345 | Orc:1    | Reached **** piety under Fedhas
 29350 | Orc:1    | Reached skill level 4 in Translocations
 29572 | Orc:2    | Noticed Nessos
 29582 | Orc:2    | Killed Nessos
 29715 | Orc:2    | Noticed Maurice
 29841 | Orc:1    | Killed Maurice
 30108 | Orc:2    | Found a staircase to the Elven Halls.
 30127 | Orc:2    | Reached skill level 5 in Translocations
 31091 | Orc:2    | Reached XP level 16. HP: 113/116 MP: 24/24
 31174 | Orc:2    | Found Ownielap's Book Emporium.
 31174 | Orc:2    | Found Ejol's Armour Boutique.
 31222 | Orc:2    | Found a roughly hewn altar of Beogh.
 31266 | Orc:2    | Found Utyupum's Antique Weapon Emporium.
 31266 | Orc:2    | Found Gyeroly's Magic Scroll Boutique.
 31291 | Orc:2    | Bought a glowing hunting sling for 85 gold pieces
 31542 | Orc:2    | Reached skill level 6 in Translocations
 31619 | Orc:2    | Upgraded the game from 0.22-a0-779-g6f83d72c62 to 0.22-a0-785-g6253c82ace
 32201 | D:14     | Killed Frances
 32328 | D:14     | Reached skill level 1 in Armour
 32438 | D:14     | Reached skill level 12 in Invocations
 32463 | D:14     | Reached skill level 13 in Fighting
 32465 | D:14     | Reached skill level 2 in Armour
 32561 | D:14     | RKaid: !ac 9
 32561 | D:14     | beem: 2.44 armour skill per 1 AC for 9 base AC
 32581 | D:14     | Got a translucent hand axe
 32582 | D:14     | Identified the +6 hand axe of Shrieking Terror {flame, rElec} (You found it on level 14 of the Dungeon)
 32609 | D:14     | Noticed Urug
 32636 | D:14     | Killed Urug
 32664 | D:14     | Reached skill level 2 in Spellcasting
 32720 | D:14     | Noticed Roxanne
 33042 | D:13     | Reached skill level 3 in Armour
 33688 | D:14     | Found an ornate altar of the Wu Jian Council.
 33699 | D:14     | Found Wumubayn's Armour Shop.
 33702 | D:14     | Bought a +2 hat of magic resistance for 357 gold pieces
 33829 | D:15     | Entered Level 15 of the Dungeon
 33945 | D:14     | +2 hat of MR & +2 buckler of resistance? aw yisss
 34149 | D:15     | Reached skill level 3 in Spellcasting
 34153 | D:15     | Reached skill level 4 in Armour
 34235 | D:15     | Found a staircase to the Depths.
 35008 | D:15     | Learned a level 3 spell: Tukima's Dance
 35332 | D:15     | Reached skill level 5 in Armour
 35523 | D:12     | Learned a level 4 spell: Passage of Golubria
 35821 | Lair:5   | Killed hell0's ghost
 35912 | Lair:5   | Killed Askman's ghost
 37185 | D:14     | Reached skill level 4 in Spellcasting
 37561 | D:15     | Reached XP level 17. HP: 85/123 MP: 26/26
 37665 | D:15     | Found Yhin Nurgh's Assorted Antiques.
 37673 | D:15     | Bought a shiny copper wand for 124 gold pieces
 37678 | D:15     | Bought an encrusted iron ring for 155 gold pieces
 37788 | D:15     | Reached skill level 13 in Invocations
 38119 | Swamp:1  | Entered Level 1 of the Swamp
 38220 | Swamp:1  | Reached skill level 1 in Evocations
 38876 | Swamp:1  | Reached skill level 2 in Evocations
 40457 | Swamp:1  | Upgraded the game from 0.22-a0-785-g6253c82ace to 0.22-a0-803-gd6d8abeff0
 41015 | Swamp:1  | Reached skill level 3 in Evocations
 41554 | Swamp:2  | Reached skill level 5 in Spellcasting
 42203 | Swamp:2  | Reached skill level 13 in Dodging
 42203 | Swamp:2  | Reached skill level 4 in Evocations
 42833 | Swamp:3  | HP: 30/123 [spriggan rider/spear of freezing (1)]
 43847 | Swamp:3  | Reached skill level 5 in Evocations
 44129 | Swamp:4  | Entered Level 4 of the Swamp
 44179 | Swamp:4  | Killed a thorn hunter
 44203 | Swamp:4  | Reached skill level 14 in Invocations
 44389 | Swamp:4  | Noticed a tentacled monstrosity
 44763 | Swamp:4  | Reached skill level 6 in Evocations
 44886 | Swamp:4  | Reached XP level 18. HP: 129/129 MP: 28/28
 44999 | Swamp:4  | Killed a tentacled monstrosity
 45028 | Swamp:4  | HP: 21/129 [alligator (18)]
 45034 | Swamp:4  | HP: 31/129 [alligator (7)]
 45051 | Swamp:4  | HP: 9/130 [spriggan druid/stone arrow (32)]
 45237 | Swamp:4  | Noticed the 27-headed Lernaean hydra
 45240 | Swamp:4  | RKaid: !calc 27*18
 45240 | Swamp:4  | beem: 486
 45240 | Swamp:4  | RKaid: LOL
 45433 | Swamp:4  | Got a decaying rune of Zot
 45998 | Orc:2    | Killed mrsnowman's ghost
 46073 | Orc:2    | Got a scorched ring mail
 46074 | Orc:2    | Identified the +4 ring mail of Ucsoria {Str+6} (You found it on level 2 of the Orcish Mines)
 46085 | Orc:2    | Learned a level 2 spell: Shroud of Golubria
 46525 | Spider:1 | Entered Level 1 of the Spider Nest
 46801 | Spider:1 | Noticed Rupert
 46882 | Lair:4   | Killed Rupert
 46882 | Lair:4   | Reached skill level 14 in Dodging
 46972 | Spider:1 | Reached skill level 6 in Spellcasting
 48778 | Spider:2 | Noticed Arachne
 48821 | Spider:2 | Reached skill level 14 in Fighting
 49268 | Spider:2 | Killed Arachne
 49268 | Spider:2 | Reached skill level 7 in Spellcasting
 49854 | Spider:2 | HP: 32/131 [poisoned by an emperor scorpion]
 49856 | Spider:2 | HP: 15/131 [poisoned by an emperor scorpion]
 49861 | Spider:2 | HP: 12/131 [poisoned by an emperor scorpion]
 49866 | Spider:2 | HP: 12/131 [poisoned by an emperor scorpion]
 49872 | Spider:2 | HP: 12/131 [poisoned by an emperor scorpion]
 49877 | Spider:2 | HP: 14/131 [poisoned by an emperor scorpion]
 49884 | Spider:2 | HP: 17/131 [poisoned by an emperor scorpion]
 49892 | Spider:1 | HP: 21/131 [poisoned by an emperor scorpion]
 50554 | Spider:2 | Reached skill level 15 in Invocations
 51326 | Spider:3 | Reached XP level 19. HP: 125/136 MP: 30/30
 52284 | Spider:4 | Entered Level 4 of the Spider Nest
 52481 | Spider:4 | Noticed Mara
 52490 | Spider:4 | Noticed RKaid's illusion
 52610 | Spider:4 | Noticed RKaid's illusion
 52740 | Spider:4 | Noticed RKaid's illusion
 52829 | Spider:4 | HP: 26/136 [Mara/bolt of fire (23)]
 53070 | Spider:4 | Noticed RKaid's illusion
 53133 | Spider:3 | Learned a level 2 spell: Song of Slaying
 53195 | Spider:4 | Noticed RKaid's illusion
 53514 | Spider:4 | Noticed RKaid's illusion
 53690 | Spider:4 | Noticed RKaid's illusion
 53862 | Spider:4 | Noticed RKaid's illusion
 54426 | Spider:4 | Reached skill level 8 in Spellcasting
 54637 | Spider:4 | Noticed RKaid's illusion
 54664 | Spider:4 | Killed Mara
 54915 | Spider:4 | HP: 26/137 [disintegration (45)]
 54921 | Spider:4 | HP: 29/137 [poisoned by a wolf spider]
 55146 | Spider:4 | Reached skill level 15 in Dodging
 55403 | Spider:4 | HP: 34/137 [poisoned by a ghost moth]
 55408 | Spider:4 | HP: 30/137 [poisoned by a ghost moth]
 55414 | Spider:4 | HP: 29/137 [poisoned by a ghost moth]
 55420 | Spider:4 | HP: 29/137 [poisoned by a ghost moth]
 55427 | Spider:4 | HP: 31/137 [poisoned by a ghost moth]
 55436 | Spider:4 | HP: 34/137 [poisoned by a ghost moth]
 56260 | Spider:4 | Reached ***** piety under Fedhas
 56571 | Spider:4 | Got a gossamer rune of Zot
 57144 | Elf:1    | Entered Level 1 of the Elven Halls
 57318 | Elf:1    | Reached skill level 16 in Invocations
 57714 | Elf:1    | Got a sparkling golden ring
 57749 | Elf:1    | Identified the ring "Nialoagiko" {Wiz rC+} (You found it on level 1 of the Elven Halls)
 57836 | Elf:1    | Reached skill level 15 in Fighting
 58137 | Elf:1    | Reached XP level 20. HP: 92/145 MP: 30/32
 58755 | Elf:2    | Found Onkung's General Store.
 59045 | Elf:2    | Found a runed gate.
 59045 | Elf:2    | Found a runed gate.
 59061 | Elf:2    | Reached skill level 16 in Dodging
 59165 | Elf:2    | Found a runed gate.
 59271 | Orc:2    | Bought the +3 plate armour of Beogh's Esteem {rPois rF+ rC+ MR+} for 756 gold pieces
 59345 | Elf:3    | Entered Level 3 of the Elven Halls
 59359 | Elf:2    | HP: 32/145 [battleaxe of flaming (26)]
 59711 | Elf:3    | Found Paotalif's Jewellery Emporium.
 59711 | Elf:3    | Found Qery's Gadget Shop.
 59712 | Elf:3    | Found Zudo's Gadget Shop.
 59846 | Elf:3    | Reached skill level 1 in Charms
 59915 | Elf:3    | Found Wifar's Armour Shoppe.
 60077 | Elf:3    | Learned a level 2 spell: Passwall
 60425 | Elf:3    | Found Jiodif's General Store.
 60450 | Elf:3    | Found Piosar's Gadget Shop.
 60949 | Elf:3    | Reached skill level 2 in Charms
 61399 | Elf:3    | Reached skill level 3 in Charms
 61399 | Elf:3    | Reached skill level 7 in Translocations
 61527 | Elf:3    | Noticed a Tzitzimitl
 61925 | Elf:3    | Reached skill level 4 in Charms
 62314 | Elf:2    | HP: 25/146 [deep elf annihilator/iron shot (30)]
 63051 | Elf:3    | HP: 33/146 [deep elf high priest/divine providence (13)]
 63057 | Elf:3    | HP: 28/146 [deep elf blademaster/rapier (1)]
 63349 | Elf:3    | Noticed a Brimstone Fiend
 63353 | Elf:3    | Reached skill level 8 in Translocations
 63464 | Elf:3    | Identified the +8 hand axe "Evytsaci" {flame, Fragile rN+++ Str+7 Dex-3} (You took it off a deep elf demonologist on level 3 of the Elven Halls)
 63828 | Elf:2    | Learned a level 3 spell: Regeneration
 63869 | Elf:3    | Bought a wand of iceblast (11) for 165 gold pieces
 64029 | Elf:3    | Bought a wand of acid (4) for 288 gold pieces
 64120 | Elf:3    | Reached skill level 17 in Invocations
 64245 | Elf:3    | Identified the ring "Beat" {rC+ Str-2 Int+2 Dex+5} (You took it off a deep elf blademaster on level 3 of the Elven Halls)
 64985 | Elf:3    | Identified the ring of Tomorrow {EV+3 Int+4 Stlth+} (You took it off a deep elf high priest on level 3 of the Elven Halls)
 65138 | Elf:3    | Learned a level 5 spell: Borgnjor's Vile Clutch
 65489 | Orc:2    | Bought a scroll of teleportation for 42 gold pieces
 65545 | Orc:1    | Bought a potion of heal wounds for 85 gold pieces
 65545 | Orc:1    | Bought a scroll of teleportation for 51 gold pieces
 65682 | Vaults:1 | Entered Level 1 of the Vaults
 66081 | D:13     | Reached XP level 21. HP: 141/153 MP: 26/33
 66324 | Vaults:1 | Reached skill level 1 in Earth Magic
 66444 | Vaults:1 | Reached skill level 16 in Fighting
 66444 | Vaults:1 | Reached skill level 1 in Necromancy
 66470 | Vaults:1 | Found a magical portal.
 66496 | WizLab   | Entered The Roulette of Golubria
 66496 | WizLab   | Found a transporter.
 66652 | Vaults:1 | Noticed Asterion
 66849 | Vaults:1 | Found Yguzyu's Jewellery Boutique.
 67173 | Vaults:1 | Reached skill level 2 in Earth Magic
 67412 | Vaults:1 | Reached skill level 2 in Necromancy
 67767 | Vaults:1 | Reached skill level 3 in Earth Magic
 68121 | Vaults:1 | Killed Asterion
 68315 | Vaults:1 | Got a fine scale mail
 68757 | Vaults:2 | Found Jiptye's Book Shoppe.
 68991 | Vaults:2 | Reached skill level 3 in Necromancy
 69355 | Vaults:2 | Reached skill level 4 in Earth Magic
 70729 | Vaults:2 | Reached skill level 4 in Necromancy
 70765 | Vaults:2 | Reached skill level 5 in Earth Magic
 71136 | Vaults:2 | Reached skill level 18 in Invocations
 71256 | Vaults:2 | Found Eqoogykenn's Magic Scroll Shop.
 71549 | Vaults:2 | Found Goyrch's Antique Weapon Shop.
 71551 | Vaults:2 | Found Nitwab's Antique Weapon Emporium.
 72180 | Vaults:2 | Reached XP level 22. HP: 162/162 MP: 30/35
 72535 | Vaults:2 | Found Atairul's Antique Weapon Boutique.
 72543 | Vaults:2 | Bought a glowing hunting sling for 175 gold pieces
 72727 | Vaults:1 | Reached skill level 6 in Earth Magic
 72992 | Vaults:2 | Reached skill level 5 in Necromancy
 73856 | Vaults:3 | Found Caergh's Assorted Antiques.
 74181 | Vaults:3 | Reached skill level 7 in Earth Magic
 74933 | Vaults:3 | Reached skill level 6 in Necromancy
 75187 | Vaults:3 | Paralysed by a sphinx for 3 turns
 76454 | Vaults:3 | Reached skill level 8 in Earth Magic
 76724 | Vaults:3 | Got a spiked ring mail
 76725 | Vaults:3 | Identified the +2 ring mail of the Great Game {rPois} (You found it on level 3 of the Vaults)
 76856 | Vaults:3 | Reached skill level 17 in Fighting
 76911 | Vaults:3 | Found a staircase to the Crypt.
 77231 | Vaults:4 | Reached skill level 7 in Necromancy
 77520 | Vaults:4 | HP: 39/162 [centaur warrior/arrow (17)]
 77543 | Vaults:4 | HP: 35/162 [centaur warrior/arrow (7)]
 78758 | Vaults:4 | Reached XP level 23. HP: 137/168 MP: 21/36
 79358 | Vaults:3 | Bought a scroll of brand weapon for 700 gold pieces
 79670 | Depths:1 | Entered Level 1 of the Depths
 80207 | Depths:1 | Found a snail-covered altar of Cheibriados.
 80302 | Depths:1 | Reached skill level 8 in Necromancy
 80336 | Depths:1 | Noticed Nikola
 80529 | D:10     | Bought a potion of haste for 130 gold pieces
 80529 | D:10     | Bought 2 potions of curing for 78 gold pieces
 80529 | D:10     | Bought a potion of curing for 39 gold pieces
 80529 | D:10     | Bought a potion of might for 52 gold pieces
 80529 | D:10     | Bought a potion of might for 52 gold pieces
 80648 | Vaults:2 | Bought a scroll of teleportation for 63 gold pieces
 80648 | Vaults:2 | Bought 2 scrolls of teleportation for 126 gold pieces
 80648 | Vaults:2 | Bought a scroll of teleportation for 63 gold pieces
 80648 | Vaults:2 | Bought a scroll of blinking for 157 gold pieces
 80803 | D:15     | HP: 27/169 [Nikola/chain lightning (34)]
 80803 | D:15     | HP: 13/169 [Nikola/chain lightning (14)]
 80803 | D:15     | Killed from afar by Nikola

Vault maps used:
D:1:      onia_arrival_zoo_common, minmay_tromino_v2
D:2:      makhleb_heckhound_becter
D:3:      kennysheep_okawaru_gauntlet
D:5:      slow_altar_2, lightli_ossuary_entry_decrepit_ruins, first_ration,
          uniq_blork_the_orc, uniq_sigmund
D:6:      gammafunk_temple_overflow_claw, minmay_temple_entry_statues,
          st_stairs_4, serial_park_tiny_1, lemuel_statue_altar, uniq_edmund
D:7:      old_standard_altar, the_bakery, uniq_crazy_yiuf_cottage, uniq_duvessa,
          uniq_joseph
D:8:      minitemple, kennysheep_kite_vault
D:9:      kennysheep_orc_monster_closet_entryway, hex_large, minivault_16
D:10:     dpeg_oklobed_lair, serial_shops, shop
D:11:     grunt_dithmenos_smoke_and_mirrors
D:12:     minmay_roctagon
D:13:     erik_vaults_1, uniq_josephine, uniq_snorg
D:14:     minmay_the_grid_triangle_9x9_recursive_2, basic_altar, serial_shops,
          nicolae_shop_stone, nrook_mini_backslash, uniq_urug, uniq_roxanne,
          uniq_frances
D:15:     hangedman_depths_entry_civil_slaughter, minivault_14, serial_shops,
          shop_fountains
Temple:   nicolae_temple_hex_pool
Lair:1:   gammafunk_ghost_arena, portal_ice_cave_rime, grunt_megastairs_2
Lair:2:   grunt_megastairs_1
Lair:3:   grunt_forest_stairs_clearing, serial_bayou_shore_a
Lair:4:   nicolae_swamp_entry_splash_gauntlet, spider_nest_entry_rubble
Lair:5:   slime_dummy, gammafunk_ghost_cemetery, minmay_another_anthill
Lair:6:   guppyfry_lair_end_dragon, ebering_ghost_inner_flame, minivault_11,
          ice2_lemuel
Swamp:1:  hangedman_swamp_pad
Swamp:2:  hangedman_swamp_diagram
Swamp:3:  evilmike_swamp_ruin_house_4, grunt_hermit_hut
Swamp:4:  swamp_alternative
Spider:1: spiders_nest_scorpion_pit, uniq_rupert
Spider:2: nicolae_orb_island, uniq_arachne
Spider:4: spider_rune_water, nicolae_spider_nook, uniq_mara
Orc:1:    serial_shops, shop_coins
Orc:2:    st_orc_town, gammafunk_ghost_split, uniq_nessos, uniq_maurice
Elf:1:    minivault_28, st_stairs_6, minivault_26, wad_floor_pattern_2
Elf:2:    serial_shops, nicolae_shop_competitors_out_of_business
Elf:3:    minmay_elf_hall_circle, serial_shops, shop_fountains,
          nicolae_shop_statue_plus, nicolae_shop_window_shopping,
          minmay_shop_grove
Vaults:1: ontoclasm_vaults_hangar, vaults_room_hallway,
          vaults_standard_mumra_lines, nicolae_vaults_border_crossing,
          ontoclasm_vaults_ring_square, nicolae_vaults_murderbox,
          vaults_room_pool, serial_shops, nicolae_shop_behind_doors,
          portal_desolation_entry_ruin, lightli_enter_wizlab_magi_temple,
          uniq_asterion
Vaults:2: v_rooms_2, ontoclasm_vaults_ring_large, st_squares, vaults_dpeg_cross,
          v_pattern_5, v_misc_14, vaults_dpeg_diagonal, vaults_dpeg_doors,
          grunt_vaults_hallway_short, vaults_room_fours,
          grunt_vaults_hallway_short, dpeg_vaults_monster_box,
          nicolae_vaults_network_s, serial_shops, shop_fountains, shop, shop,
          shop, nicolae_shop_waterfront
Vaults:3: v_rooms_6, ontoclasm_vaults_eye, nicolae_vaults_angled_halls,
          dpeg_vaults_monster_row, nicolae_vaults_big_ls,
          hangedman_vaults_stagger, nicolae_vaults_display_case,
          minmay_crypt_entry_skeletal_spiral, nicolae_vaults_little_squares_2,
          v_misc_26, v_misc_16, hangedman_vaults_impose,
          nicolae_vaults_rhombus_7, serial_shops, shop_statue
Vaults:4: st_hourglassy, v_misc_9, grunt_vaults_diagonal,
          vaults_standard_mumra_enter_the_diamond, nicolae_vaults_alarming,
          hangedman_vaults_pinch, nicolae_vaults_ring_of_whatevers, v_misc_27
Depths:1: abyss_entry, hell_entry, dk_noncrumbling_3, dk_noncrumbling_2,
          spider_trap, serial_sigils_hangedman_clutch, hangedman_feature_mirror,
          minmay_misc_feat_four_crosses, grunt_decor_clamped, bh_walls_and_bars,
          uniq_nikola, uniq_bai_suzhen
Ossuary:  ossuary_kennysheep_city_of_the_dead
IceCv:    ice_cave_small_demon
WizLab:   wizlab_golubria

Skill      XL: |  1  2  3  4  5  6  7  8  9 10 11 12 13 14 15 16 17 18 19 20 21 22 23 |
---------------+----------------------------------------------------------------------+-----
Fighting       | 1 2 3 4 5 6 7 8 9 10 11 12 13 14 15 16 17 | 17.2
Slings         | 4 5 6 7 9 11 12 | 12.2
Dodging        | 3 4 5 7 9 10 11 12 13 14 15 16 | 16.0
Short Blades   | 3 6 8 10 11 13 14 | 14.0
Hexes          | 3 5 6 |  6.0
Invocations    | 2 6 8 10 11 12 14 15 16 17 18 | 18.8
Shields        | 4 5 |  5.6
Translocations | 5 6 8 |  8.0
Armour         | 5 |  5.0
Spellcasting   | 4 5 7 8 |  8.8
Evocations     | 6 |  6.0
Charms         | 4 |  4.0
Earth Magic    | 5 8 |  8.0
Necromancy     | 4 7 8 |  8.0

Action                   |  1- 3 |  4- 6 |  7- 9 | 10-12 | 13-15 | 16-18 | 19-21 | 22-24 || total
-------------------------+-------+-------+-------+-------+-------+-------+-------+-------++-------
Melee: Trident           |       |    25 |    10 |       |       |       |       |       ||    35
       Short sword       |       |       |   104 |     5 |       |       |       |       ||   109
       Rapier            |       |       |       |   719 |  1183 |  1673 |   696 |    15 ||  4286
       Hand axe          |       |       |       |    18 |       |    47 |    10 |     4 ||    79
       Quick blade       |       |       |       |       |   101 |   853 |  2370 |  1465 ||  4789
       Shillelagh        |       |       |       |       |    79 |    58 |       |       ||   137
       Blowgun           |       |       |       |       |       |     1 |       |       ||     1
       Demon trident     |       |       |       |       |       |       |     7 |       ||     7
       Long sword        |       |       |       |       |       |       |       |    28 ||    28
 Fire: Hunting sling     |    81 |   226 |   401 |   384 |   831 |   441 |   465 |   326 ||  3155
       Blowgun           |       |       |       |       |       |   154 |    76 |       ||   230
Throw: Stone             |       |       |       |       |       |     2 |       |       ||     2
 Cast: Corona            |     1 |       |     1 |       |       |       |       |       ||     2
       Blink             |       |       |       |       |     1 |    60 |    25 |    10 ||    96
       Confuse           |       |       |       |       |     1 |    16 |    45 |    49 ||   111
       Passage of Golubr |       |       |       |       |       |     3 |     4 |     4 ||    11
       Tukima's Dance    |       |       |       |       |       |     2 |       |     1 ||     3
       Shroud of Golubri |       |       |       |       |       |     3 |    44 |    15 ||    62
       Song of Slaying   |       |       |       |       |       |       |     3 |       ||     3
       Portal Projectile |       |       |       |       |       |       |     7 |     4 ||    11
       Passwall          |       |       |       |       |       |       |     6 |       ||     6
       Regeneration      |       |       |       |       |       |       |     7 |    10 ||    17
       Borgnjor's Vile C |       |       |       |       |       |       |       |     7 ||     7
Invok: Fungal Bloom      |       |       |     1 |    25 |    81 |    58 |    61 |    20 ||   246
       Evolution         |       |       |       |     5 |    34 |    34 |    20 |     7 ||   100
Evoke: Wand              |       |       |       |     4 |    27 |    68 |    26 |     3 ||   128
       Sack of spiders   |       |       |       |       |       |     1 |     2 |       ||     3
       Lamp of fire      |       |       |       |       |       |     1 |       |       ||     1
  Use: Scroll            |       |    10 |    11 |    14 |    11 |    25 |    20 |     3 ||    94
       Potion            |       |       |       |     5 |     9 |     2 |     6 |       ||    22
 Stab: Confused          |       |       |       |     4 |    17 |    30 |    43 |    22 ||   116
       Paralysed         |       |       |       |     4 |     6 |    22 |    10 |       ||    42
       Distracted        |       |       |       |       |     3 |     5 |     2 |     3 ||    13
       Sleeping          |       |       |       |       |     1 |       |     3 |     5 ||     9
       Held in net/web   |       |       |       |       |       |     1 |       |       ||     1
       Invisible         |       |       |       |       |       |       |     2 |       ||     2
  Eat: Chunk             |       |    11 |     7 |    22 |    17 |    18 |    23 |    15 ||   113
       Ration            |       |       |     1 |     1 |    10 |    15 |    14 |     4 ||    45
Armor: Robe              |       |    14 |       |       |       |       |       |       ||    14
       Ring mail         |       |    11 |   104 |   170 |   187 |    96 |    98 |       ||   666
       Swamp dragon scal |       |       |       |       |    38 |   389 |   127 |       ||   554
       Skin              |       |       |       |       |     8 |       |       |       ||     8
       Chain mail        |       |       |       |       |    86 |       |       |       ||    86
       Steam dragon scal |       |       |       |       |       |       |    43 |    75 ||   118
       Plate armour      |       |       |       |       |       |       |     4 |       ||     4
Dodge: Dodged            |    24 |   112 |   180 |   582 |  1007 |  1735 |  1498 |   663 ||  5801
Block: Buckler           |       |       |       |       |   311 |   912 |   757 |   380 ||  2360
       Rpst.: Long sword |       |       |       |       |       |       |       |     7 ||     7

Table legend:
 A = Spawn XP
 B = Non-spawn XP
 C = Spawn XP percentage of total XP
 D = Spawn monster count
 E = Non-spawn monster count
 F = Spawn count percentage of total count
 G = Total turns spent on level
                    A         B        C        D         E        F      G
               +---------+---------+-------+---------+---------+-------+---------
         Total |       0 |  613930 |   0.0 |       0 |    1645 |   0.0 | 80803
               +---------+---------+-------+---------+---------+-------+---------
           D:1 |       0 |      37 |   0.0 |       0 |      17 |   0.0 |   732
           D:2 |       0 |     119 |   0.0 |       0 |      21 |   0.0 |  1679
           D:3 |       0 |     133 |   0.0 |       0 |      34 |   0.0 |  1284
           D:4 |       0 |     474 |   0.0 |       0 |      20 |   0.0 |  1257
           D:5 |       0 |    1053 |   0.0 |       0 |      22 |   0.0 |  1236
           D:6 |       0 |    1798 |   0.0 |       0 |      24 |   0.0 |  1076
           D:7 |       0 |    1188 |   0.0 |       0 |      15 |   0.0 |   829
           D:8 |       0 |    4135 |   0.0 |       0 |      43 |   0.0 |  1654
           D:9 |       0 |    5658 |   0.0 |       0 |      60 |   0.0 |  1930
          D:10 |       0 |    2567 |   0.0 |       0 |      16 |   0.0 |  1287
          D:11 |       0 |    4686 |   0.0 |       0 |      24 |   0.0 |  1749
          D:12 |       0 |    7581 |   0.0 |       0 |      32 |   0.0 |  1891
          D:13 |       0 |   13438 |   0.0 |       0 |      29 |   0.0 |  2402
          D:14 |       0 |   23185 |   0.0 |       0 |      54 |   0.0 |  2633
          D:15 |       0 |   24184 |   0.0 |       0 |      53 |   0.0 |  2635
        Lair:1 |       0 |    7563 |   0.0 |       0 |      35 |   0.0 |  1582
        Lair:2 |       0 |    4669 |   0.0 |       0 |      14 |   0.0 |  1339
        Lair:3 |       0 |    6099 |   0.0 |       0 |      33 |   0.0 |  1642
        Lair:4 |       0 |   10778 |   0.0 |       0 |      38 |   0.0 |  2130
        Lair:5 |       0 |   14005 |   0.0 |       0 |      60 |   0.0 |  2414
        Lair:6 |       0 |   15809 |   0.0 |       0 |      62 |   0.0 |  2254
       Swamp:1 |       0 |   11050 |   0.0 |       0 |      43 |   0.0 |  2085
       Swamp:2 |       0 |   14051 |   0.0 |       0 |      32 |   0.0 |  1685
       Swamp:3 |       0 |   12344 |   0.0 |       0 |      29 |   0.0 |  1619
       Swamp:4 |       0 |   21781 |   0.0 |       0 |      42 |   0.0 |  1153
      Spider:1 |       0 |   16721 |   0.0 |       0 |      41 |   0.0 |  1693
      Spider:2 |       0 |   22309 |   0.0 |       0 |      43 |   0.0 |  2235
      Spider:3 |       0 |   14900 |   0.0 |       0 |      41 |   0.0 |  2700
      Spider:4 |       0 |   45609 |   0.0 |       0 |      80 |   0.0 |  3384
         Orc:1 |       0 |    5158 |   0.0 |       0 |      47 |   0.0 |  1488
         Orc:2 |       0 |   12624 |   0.0 |       0 |      97 |   0.0 |  3044
         Elf:1 |       0 |   17209 |   0.0 |       0 |      32 |   0.0 |  1798
         Elf:2 |       0 |    8821 |   0.0 |       0 |      14 |   0.0 |  1340
         Elf:3 |       0 |   61708 |   0.0 |       0 |      59 |   0.0 |  5039
      Vaults:1 |       0 |   35488 |   0.0 |       0 |      57 |   0.0 |  3008
      Vaults:2 |       0 |   59428 |   0.0 |       0 |      84 |   0.0 |  4384
      Vaults:3 |       0 |   61207 |   0.0 |       0 |      97 |   0.0 |  4110
      Vaults:4 |       0 |   32674 |   0.0 |       0 |      44 |   0.0 |  1975
      Depths:1 |       0 |    7970 |   0.0 |       0 |      17 |   0.0 |   384
       Ossuary |       0 |     358 |   0.0 |       0 |      19 |   0.0 |   711
         IceCv |       0 |    3361 |   0.0 |       0 |      21 |   0.0 |  1226
               +---------+---------+-------+---------+---------+-------+---------

Table legend:
 A = Turns spent in this place as a percentage of turns spent in the entire game.
 B = Non-inter-level travel turns spent in this place as a percentage of non-inter-level travel turns spent in the entire game.
 C = Inter-level travel turns spent in this place as a percentage of turns spent in this place.
 D = Turns resting spent in this place as a percentage of non-inter-level travel turns spent in this place.
 E = Turns spent auto-exploring this place as a percentage of non-inter-level travel turns spent in this place.
 F = Non-inter-level travel turns spent in this place divided by the number of levels of this place that you've seen.
                   A       B       C       D       E      F
               +-------+-------+-------+-------+-------+----------------------
         Total | 100.0 | 100.0 |   8.0 |  26.8 |  28.5 | 1728.5
       Dungeon |  30.0 |  28.8 |  11.8 |  20.7 |  42.1 | 1427.1
        Temple |   0.1 |   0.1 |  19.6 |   0.0 |  92.3 |  78.0
          Lair |  14.1 |  13.4 |  12.6 |  20.6 |  30.4 | 1655.7
         Swamp |   8.1 |   8.3 |   5.7 |  27.4 |  25.7 | 1542.0
   Spider Nest |  12.4 |  13.1 |   2.8 |  36.0 |  20.6 | 2431.8
  Orcish Mines |   5.6 |   5.4 |  11.6 |  12.5 |  25.5 | 2002.5
   Elven Halls |  10.1 |  10.4 |   5.1 |  35.8 |  16.8 | 2588.0
        Vaults |  16.7 |  17.4 |   4.2 |  33.0 |  23.1 | 3227.5
        Depths |   0.5 |   0.5 |   0.0 |  20.1 |   0.0 | 384.0
       Ossuary |   0.9 |   1.0 |   0.0 |  17.3 |  27.3 | 711.0
      Ice Cave |   1.5 |   1.6 |   0.0 |  39.4 |   0.0 | 1226.0
        Wizlab |   0.0 |   0.0 |   0.0 |   0.0 |   0.0 |  10.0
               +-------+-------+-------+-------+-------+----------------------

Table legend:
 A = Kills in this place as a percentage of kills in entire the game.
 B = Kills by you in this place as a percentage of kills by you in the entire game.
 C = Kills by friends in this place as a percentage of kills by friends in the entire game.
 D = Other kills in this place as a percentage of other kills in the entire game.
 E = Experience gained in this place as a percentage of experience gained in the entire game.
 F = Experience gained in this place divided by the number of levels of this place that you have seen.
                   A       B       C       D       E      F
               +-------+-------+-------+-------+-------+----------------------
         Total | 100.0 | 100.0 | 100.0 | 100.0 | 100.0 | 14277.4
       Dungeon |  28.2 |  29.7 |  15.5 |   6.2 |  14.7 | 6015.7
          Lair |  14.7 |  13.2 |  31.0 |   6.2 |   9.6 | 9820.5
         Swamp |   8.9 |   8.7 |   5.6 |  56.2 |   9.6 | 14806.5
   Spider Nest |  12.5 |  12.2 |  16.2 |   0.0 |  16.2 | 24884.8
  Orcish Mines |   8.8 |   7.7 |  19.7 |   6.2 |   2.9 | 8891.0
   Elven Halls |   6.4 |   6.6 |   4.9 |   0.0 |  14.3 | 29246.0
        Vaults |  17.1 |  18.1 |   7.0 |  18.8 |  30.8 | 47199.2
        Depths |   1.0 |   1.1 |   0.0 |   6.2 |   1.3 | 7970.0
       Ossuary |   1.2 |   1.3 |   0.0 |   0.0 |   0.1 | 358.0
      Ice Cave |   1.3 |   1.4 |   0.0 |   0.0 |   0.5 | 3361.0
               +-------+-------+-------+-------+-------+----------------------
